 Dungeon Crawl Stone Soup version 0.32-a0-391-gce5c0aab1b (webtiles) character file.

Game seed: 7669676987994082905

139 cforsyth the Slasher (level 5, -5/41 HPs)
             Began as a Coglin Gladiator on Feb 20, 2024.
             Was an Initiate of Hepliaklqana.
             Killed by divine providence
             ... invoked by an orc priest
              (11 damage)
             ... on level 3 of the Dungeon.
             The game lasted 00:03:16 (1695 turns).

cforsyth the Slasher (Coglin Gladiator)             Turns: 1695, Time: 00:03:17

Health: -5/41      AC:  4    Str: 13    XL:     5   Next: 22%
Magic:  5/5        EV: 13    Int: 11    God:    Hepliaklqana [......]
Gold:   127        SH:  0    Dex: 17    Spells: 4/4 levels left

rFire   + . .        a - +0 long sword {Imanvir}
rCold   + . .        s - +3 short sword {Gurmehar}
rNeg    . . .        b - +0 leather armour
rPois   +            c - +0 helmet
rElec   +            (no cloak)
rCorr   +            (no gloves)
SInv    +            (no boots)
Will    .....        (no amulet)
Stlth   +            P - ring of poison resistance
HPRegen 0.26/turn    (no ring)
MPRegen 0.09/turn

%: no passive effects
@: resistant, revved, stiff-legged, very slow
A: off-hand wielding, slow wielding, warmup strikes, warmup strides, see
invisible, clever 1, deterioration 1
a: Renounce Religion


You were on level 3 of the Dungeon.
You worshipped Hepliaklqana.
Hepliaklqana was noncommittal.
You visited 1 branch of the dungeon, and saw 3 of its levels.

You collected 127 gold pieces.


Innate Abilities, Weirdness & Mutations

You can wield a second weapon in your off-hand.
It takes a long time for you to wield or remove held weapons.
Your first few attacks do less damage.
Your first movements take longer.
You have supernaturally acute eyesight. (SInv)
Your mind is acute. (Int +4, Str/Dex -1)
Your body sometimes deteriorates upon taking damage.


   Skills:
 + Level 3.4 Fighting
 + Level 4.0 Long Blades
 - Level 1.7 Throwing
 + Level 3.6 Dodging


You had 4 spell levels left.
You didn't know any spells.
Your spell library contained the following spells:

 Spells                   Type           Power      Damage    Failure   Level
 Call Canine Familiar     Summ           0%         N/A       80%         3
 Gell's Gravitas          Tloc           0%         N/A       80%         3
 Sigil of Binding         Hex            0%         N/A       80%         3
 Teleport Other           Tloc           0%         N/A       80%         3
 Dimensional Bullseye     Hex/Tloc       0%         N/A       99%         4
 Dispersal                Tloc           0%         N/A       100%        6

Inventory:

Hand Weapons
 a - a +0 long sword (weapon) {Imanvir}
 q - a +0 dagger of draining {Ning}
 s - a +3 short sword (worn) {Gurmehar}
Missiles
 d - 3 throwing nets (quivered) {=f}
 e - a javelin
Armour
 b - a +0 leather armour (worn)
 c - a +0 helmet (worn)
Jewellery
 P - a ring of poison resistance (left grasper)
Scrolls
 f - 3 scrolls of noise {unknown}
 g - 3 scrolls of identify {unknown}
 j - a scroll of amnesia {unknown}
 k - a scroll of vulnerability {unknown}
 l - a scroll of immolation {unknown}
 m - 2 scrolls of teleportation {unknown}
 r - a scroll of enchant weapon {unknown}
 t - 3 scrolls of brand weapon {unknown}
Potions
 i - a potion of lignification
 o - a potion of mutation

Dungeon Overview and Level Annotations

Branches:
Dungeon (3/15)

Altars:
Hepliaklqana

#...........
#...........
#...........
#..........[
#..........( ..
#...g....... ##.
#..ooo...... #..
####w####### #..
#@##############..
#..............+..
##.............#..
#.............#..
#................
#...............#
#########...†)...
#.#####.. #.# ##.


You could see a ribbon worm (catching breath), an orc priest, 2 orcs and a
goblin.


Message History

The orc's wounds heal themselves!
You barely miss the ribbon worm with your +3 short sword.
The ribbon worm is severely wounded.
You hit the ribbon worm with your +0 long sword.
The ribbon worm expels a string of sticky webbing.
The stream of webbing hits you but does no damage.
You are caught in a web!
The orc priest mumbles some strange prayers to Beogh against you.
Beogh smites you!
* * * LOW HITPOINT WARNING * * *
The web tears apart.
The ribbon worm bites you but does no damage.
You hit the ribbon worm with your +3 short sword.
The ribbon worm is severely wounded.
You hit the ribbon worm with your +0 long sword.
The ribbon worm bites you but does no damage.
You completely miss the ribbon worm with your +3 short sword.
The ribbon worm is almost dead.
You barely miss the ribbon worm with your +0 long sword.
You feel less wooden.
Your +0 helmet unmelds from your body.
Your +0 leather armour unmelds from your body.
The ribbon worm misses you.
You barely miss the ribbon worm with your +3 short sword.
The ribbon worm is severely wounded.
You barely miss the ribbon worm with your +0 long sword.
The orc priest invokes the aid of Beogh against you.
Beogh smites you!
You die...
Hepliaklqana delivers you to your ancestors.

Skill      XL: |  1  2  3  4 |
---------------+-------------+-----
Dodging        | 3 |  3.6
Fighting       | 3 |  3.4
Long Blades    | 4 |  4.0
Throwing       | |  1.7

Action                     |  1- 3 |  4- 6 || total
---------------------------+-------+-------++-------
  Melee: Long sword        |    77 |    55 ||   132
         Dagger            |     9 |    22 ||    31
         Short sword       |       |    34 ||    34
    Use: Potion            |       |     5 ||     5
   Stab: Sleeping          |     2 |     1 ||     3
 Armour: Leather armour    |    46 |    27 ||    73
         Skin              |       |     9 ||     9
  Dodge: Dodged            |    51 |    29 ||    80

Levels and vault maps discovered:
D:1:      lemuel_arrival_broad_hall, layout_basic, minmay_misc_feat_square,
          grunt_decor_resistance
D:2:      layout_loops_ring, basic_altar, minmay_pentomino_u2
D:3:      layout_basic, mainiacjoe_overflow_paths, uniq_crazy_yiuf_cottage,
          uniq_sigmund

Notes
Turn   | Place    | Note
-------+----------+-------------------------------------------
     0 | D:1      | cforsyth the Coglin Gladiator began the quest for the Orb.
     0 | D:1      | Reached XP level 1. HP: 16/16 MP: 1/1
    75 | D:1      | Reached XP level 2. HP: 22/22 MP: 2/2
   150 | D:1      | Reached skill level 3 in Dodging
   202 | D:1      | Reached XP level 3. HP: 19/28 MP: 3/3
   957 | D:2      | Found a hazy altar of Hepliaklqana.
   967 | D:2      | Reached XP level 4. HP: 33/34 MP: 4/4
   969 | D:2      | Became a worshipper of Hepliaklqana the Forgotten
  1031 | D:2      | Reached skill level 3 in Fighting
  1334 | D:2      | Reached skill level 4 in Long Blades
  1334 | D:2      | Reached XP level 5. HP: 41/41 MP: 5/5
  1682 | D:3      | Gained mutation: Your body sometimes deteriorates upon
                  | taking damage. [potion of mutation]
  1682 | D:3      | Gained mutation: You have supernaturally acute eyesight.
                  | (SInv) [potion of mutation]
  1682 | D:3      | Gained mutation: Your mind is acute. (Int +4, Str/Dex -1)
                  | [potion of mutation]
  1683 | D:3      | Identified a potion of resistance
  1695 | D:3      | Killed from afar by an orc priest

Vanquished Creatures
  5 adders (D:2)
  An orc (D:3)
  3 bats (D:2)
  5 endoplasms
  5 giant cockroaches
  7 goblins
  3 hobgoblins
  A quokka (D:2)
  7 ball pythons
  4 frilled lizards
  8 kobolds
  4 rats
53 creatures vanquished.

Table legend: (Time is in decaauts)
 A = Elapsed time spent in this place.
 B = Non-inter-level travel time spent in this place.
 C = Inter-level travel time spent in this place.
 D = Time resting spent in this place.
 E = Time spent auto-exploring this place.
 F = Levels seen in this place.
 G = Mean time per level.
                   A        B        C        D        E       F      G
               +--------+--------+--------+--------+--------+-----+--------+
         Total |   1776 |   1696 |     80 |      0 |   1282 |   3 |  592.0 |
       Dungeon |   1776 |   1696 |     80 |      0 |   1282 |   3 |  592.0 |
               +--------+--------+--------+--------+--------+-----+--------+

Top non-repeatable levels by time:
     D:1: 869 daAuts
     D:2: 802 daAuts
     D:3: 105 daAuts

Table legend:
 A = Non-vault XP
 B = Vault XP
 C = Vault XP percentage of total XP
 D = Non-vault monster count
 E = Vault monster count
 F = Vault count percentage of total count
                 A         B        C        D         E       F
            +---------+---------+-------+---------+---------+-------
      Total |     196 |       3 |   1.5 |      52 |       1 |   1.9
            +---------+---------+-------+---------+---------+-------
        D:1 |      68 |       0 |   0.0 |      26 |       0 |   0.0
        D:2 |     113 |       3 |   2.6 |      21 |       1 |   4.5
        D:3 |      15 |       0 |   0.0 |       5 |       0 |   0.0
            +---------+---------+-------+---------+---------+-------
